 Dungeon Crawl Stone Soup version 0.29-a0-88-g03a7b78be7 (webtiles) character file.

Game seed: 15791807036685670342

47 lordive the Grasshopper (level 3, 0/37 HPs)
             Began as an Ogre Warper on Feb 5, 2022.
             Succumbed to an adder's poison
             ... on level 2 of the Dungeon.
             The game lasted 00:01:48 (1911 turns).

lordive the Grasshopper (Ogre Warper)               Turns: 1911, Time: 00:01:49

Health: 0/37       AC:  3    Str: 12 (15) XL:     3   Next: 70%
Magic:  6/6        EV:  9    Int: 15 (16) God:
Gold:   88         SH:  0    Dex:  7 (8)  Spells: 7/7 levels left

rFire   . . .      SeeInvis .   a - +0 mace
rCold   . . .      Faith    .   (no shield)
rNeg    . . .      Spirit   .   b - +0 robe
rPois   .          Reflect  .   (helmet restricted)
rElec   .          Harm     .   (no cloak)
rCorr   .          Rampage  .   (gloves unavailable)
Will    .....                   (boots unavailable)
Stlth   +.........              (no amulet)
HPRegen 0.12/turn               (no ring)
MPRegen 0.10/turn               (no ring)

@: lethally poisoned (0 -> -1), invisible
A: large, unfitting armour, tough skin 1
a: no special abilities


You were on level 2 of the Dungeon.
You visited 1 branch of the dungeon, and saw 2 of its levels.

You collected 88 gold pieces.

Inventory:

Hand Weapons
 a - a +0 mace (weapon)
Missiles
 d - 5 boomerangs of dispersal (quivered)
Armour
 b - a +0 robe (worn)
Scrolls
 c - a scroll of blinking
 e - a scroll of teleportation {unknown}
 h - a scroll of amnesia {unknown}


   Skills:
 + Level 3.1 Fighting
 + Level 2.3 Maces & Flails
 - Level 1.0 Throwing
 + Level 2.3 Dodging
 + Level 0.1 Stealth
 + Level 2.5 Spellcasting
 * Level 3.3 Translocations


You had 7 spell levels left.
You didn't know any spells.
Your spell library contained the following spells:

 Spells                   Type           Power      Damage    Failure   Level
 Blink                    Tloc           24%        N/A       8%          2
 Gell's Gravitas          Tloc           12%        N/A       16%         3
 Lesser Beckoning         Tloc           12%        N/A       16%         3
 Teleport Other           Tloc           12%        N/A       16%         3
 Manifold Assault         Tloc           12%        N/A       82%         5


Dungeon Overview and Level Annotations

Branches:
Dungeon (2/15)

Altars:


Innate Abilities, Weirdness & Mutations

You are too large for most types of armour.
You have tough skin. (AC +1)


Message History

You are too injured to fight recklessly!
You are too injured to fight recklessly!
You are too injured to fight recklessly!
You are too injured to fight recklessly!
You are too injured to fight recklessly!
You are too injured to fight recklessly!
You are too injured to fight recklessly!
You are too injured to fight recklessly!
You are too injured to fight recklessly!
You are too injured to fight recklessly!
You are too injured to fight recklessly!
You are too injured to fight recklessly!
You are too injured to fight recklessly!
You are too injured to fight recklessly!
You are too injured to fight recklessly!
Unknown command.
You closely miss the adder.
You feel sick. The adder barely misses you.
You hit the adder but do no damage.
You feel sick. The adder completely misses you. The adder bites you.
* * * LOW HITPOINT WARNING * * *
You hit the adder.
The adder is lightly wounded.
You feel sick. The adder bites you but does no damage.
You hit the adder but do no damage.
The adder is lightly wounded.
You feel sick.
The adder bites you but does no damage. x2
You miss the adder.
The adder is lightly wounded.
You feel sick. The adder bites you.
* * * LOW HITPOINT WARNING * * *
The adder bites you.
* * * LOW HITPOINT WARNING * * *
It was a potion of invisibility.
You fade into invisibility!
* * * LOW HITPOINT WARNING * * *
You feel sick. The adder closely misses you.
It was a potion of degeneration.
There was something very wrong with that liquid.
You feel weakened.
You feel dopey.
You feel clumsy.
You die...

≈≈.# ≈ ≈≈ ≈≈.## ≈#
##.###≈≈≈# #≈#
#...#...≈# #####.#
.........###....#
.........#.'....#
.........'.'....#
.........###....##
#...#....#
#####@##
##.###.≈## ##S#
#≈≈≈#.≈≈# #≈≈#
.≈≈≈≈≈≈## #≈≈≈
≈≈.≈#.## #≈≈≈#
≈.#..## #≈≈≈#
P##.## ≈≈≈≈# .#.##
≈≈≈≈# ..## ≈≈≈≈≈#


You could see an adder.

Vanquished Creatures
  A worm (D:2)
  3 dart slugs
  A ball python (D:1)
  5 bats (D:1)
  4 endoplasms
  7 goblins
  3 hobgoblins (D:1)
  4 kobolds (D:1)
  3 quokkas
  2 frilled lizards (D:1)
  A rat (D:1)
34 creatures vanquished.

Vanquished Creatures (others)
  5 plants (D:2)
5 creatures vanquished.

Grand Total: 39 creatures vanquished

Notes
Turn   | Place    | Note
-------+----------+-------------------------------------------
     0 | D:1      | lordive the Ogre Warper began the quest for the Orb.
     0 | D:1      | Reached XP level 1. HP: 22/22 MP: 3/3
   197 | D:1      | Reached XP level 2. HP: 29/29 MP: 5/5
   721 | D:1      | Reached XP level 3. HP: 26/37 MP: 6/6
   943 | D:1      | Found a faded altar of an unknown god.
  1910 | D:2      | HP: 1/37 [poisoned by an adder]
  1911 | D:2      | Succumbed to an adder's poison

Illustrated notes

Levels and vault maps discovered:
D:1:      evilmike_arrival_plus, layout_loops_corners,
          shapermc_ecumenical_altar_acropolis, minmay_misc_feat_roman,
          ebering_dispersal_statue_hall
D:2:      wad_lake_hut, layout_basic, wander_ebering_terrifying_dragon_lair

Skill      XL: |  1  2 |
---------------+-------+-----
Translocations | 3 |  3.3
Maces & Flails | 2 |  2.3
Fighting       | 3 |  3.1
Throwing       | |  1.0
Dodging        | |  2.3
Stealth        | |  0.1
Spellcasting   | |  2.5

Action                   || total
-------------------------++-------
Melee: Mace              ||   118
  Use: Potion            ||     2
Armor: Robe              ||    35
Dodge: Dodged            ||    63

Table legend: (Time is in decaauts)
 A = Elapsed time spent in this place.
 B = Non-inter-level travel time spent in this place.
 C = Inter-level travel time spent in this place.
 D = Time resting spent in this place.
 E = Time spent auto-exploring this place.
 F = Levels seen in this place.
 G = Mean time per level.
                   A        B        C        D        E       F      G
               +--------+--------+--------+--------+--------+-----+--------+
         Total |   1951 |   1936 |     15 |    248 |   1403 |   2 |  975.5 |
       Dungeon |   1951 |   1936 |     15 |    248 |   1403 |   2 |  975.5 |
               +--------+--------+--------+--------+--------+-----+--------+

Top non-repeatable levels by time:
     D:1: 1496 daAuts
     D:2: 454 daAuts
